 Dungeon Crawl Stone Soup version 0.28.0-43-g3370ac3207 (webtiles) character file.

Game seed: 5857165401661478496

22544 issech the Basher (level 12, 0/113 HPs)
             Began as a Troll Monk on Mar 31, 2022.
             Was a High Priest of Hepliaklqana.
             Slain by a freezing wraith (23 damage)
             ... on level 12 of the Dungeon.
             The game lasted 00:56:59 (12953 turns).

issech the Basher (Troll Monk)                     Turns: 12953, Time: 00:57:01

Health: 0/113      AC: 11    Str: 28    XL:     12   Next: 64%
Magic:  11/11      EV: 13    Int:  6    God:    Hepliaklqana [*****.]
Gold:   799        SH:  0    Dex: 16    Spells: 11/11 levels left

rFire   . . .      SeeInvis .   F - +4 morningstar
rCold   . . .      Faith    .   (no shield)
rNeg    . . .      Spirit   .   W - +0 steam dragon scales
rPois   .          Reflect  .   z - +0 hat {Stlth+}
rElec   .          Harm     .   t - scarf {repulsion}
rCorr   .          Rampage  .   (gloves unavailable)
Will    .....                   (boots unavailable)
Stlth   ++++......              (no amulet)
HPRegen 1.08/turn               M - +6 ring of strength
MPRegen 0.12/turn               w - +4 ring of protection

@: lethally poisoned (0 -> -5), studying Fighting, repel missiles
A: reduced essence, large, unfitting armour, claws 3, regeneration 1, shaggy fur
1, tough skin 1
a: Renounce Religion, Recall Ancestor, Ancestor Identity, Transference, Idealise


You were on level 12 of the Dungeon.
You worshipped Hepliaklqana.
Hepliaklqana was extremely pleased with you.
You visited 2 branches of the dungeon, and saw 13 of its levels.
You also visited: Ossuary.

You collected 799 gold pieces.

Inventory:

Hand Weapons
 n - the +6 dagger "Kimum" {vorpal, rF+}
   (You found it on level 2 of the Dungeon)

   It inflicts extra damage upon your enemies.
   rF:        It protects you from fire.
 F - a +4 morningstar (weapon)
 G - a +5 war axe
 I - a +0 antimagic flail
 P - a +0 giant spiked club
Missiles
 c - 167 arrows
 d - 434 stones
 f - 163 bolts
 p - 8 atropa-tipped darts
 q - 9 poisoned darts
 A - 63 sling bullets
 E - a large rock (quivered)
 L - 4 javelins
 O - 8 boomerangs
Armour
 t - a scarf of repulsion (worn)
 y - a +0 troll leather armour
 z - a +0 hat of stealth (worn)
 B - a +2 robe of positive energy
 C - a scarf of invisibility
 N - a +0 cloak
 W - +0 steam dragon scales (worn)
 X - a +2 robe of willpower
Magical Staves
 R - a staff of air
Jewellery
 a - a ring of flight
 e - a ring of resist corrosion
 k - a ring of positive energy
 w - a +4 ring of protection (right claw)
 J - a ring of willpower
 M - a +6 ring of strength (left claw)
 Y - a ring of see invisible
 Z - an amulet of regeneration
Wands
 m - a wand of digging (21)
 x - a wand of paralysis (26)
 H - a wand of polymorph (5)
 Q - a wand of iceblast (10)
Scrolls
 b - a scroll of amnesia
 g - 5 scrolls of magic mapping
 r - 8 scrolls of teleportation
 u - 3 scrolls of fog
 v - 2 scrolls of blinking
 S - a scroll of enchant weapon
 V - 2 scrolls of holy word
Potions
 h - 4 potions of curing
 i - 2 potions of attraction {unknown}
 j - 4 potions of brilliance
 l - 2 potions of magic {unknown}
 o - a potion of berserk rage
 D - 2 potions of flight {unknown}
 K - a potion of cancellation {unknown}
 T - 4 potions of lignification
 U - 2 potions of haste
Miscellaneous
 s - a condenser vane


   Skills:
 + Level 10.2 Fighting
 + Level 3.3 Short Blades
 + Level 13.1 Maces & Flails
 + Level 5.8 Throwing
 + Level 7.9 Dodging
 + Level 4.1 Stealth


You had 11 spell levels left.
You didn't know any spells.
Your spell library contained the following spells:

 Spells                   Type           Power      Damage    Failure   Level
 Apportation              Tloc           0%         N/A       45%         1
 Beastly Appendage        Tmut           0%         N/A       45%         1
 Foxfire                  Conj/Fire      0%         2x1d4     45%         1
 Shock                    Conj/Air       0%         1d3       45%         1
 Ensorcelled Hibernation  Hex/Ice        0%         N/A       58%         2
 Passwall                 Tmut/Erth      0%         N/A       58%         2
 Static Discharge         Conj/Air       0%         N/A       58%         2
 Sublimation of Blood     Necr           0%         N/A       58%         2
 Wereblood                Tmut           0%         N/A       58%         2
 Dazzling Flash           Conj/Hex       0%         N/A       83%         3
 Inner Flame              Hex/Fire       0%         N/A       83%         3
 Portal Projectile        Hex/Tloc       0%         N/A       83%         3
 Spider Form              Tmut/Pois      0%         N/A       83%         3
 Summon Guardian Golem    Hex/Summ       0%         N/A       83%         3
 Swiftness                Air            0%         N/A       83%         3
 Cause Fear               Hex            0%         N/A       99%         4
 Leda's Liquefaction      Hex/Erth       0%         N/A       99%         4
 Summon Ice Beast         Ice/Summ       0%         N/A       99%         4
 Agony                    Necr           0%         N/A       100%        5
 Blade Hands              Tmut           0%         N/A       100%        5
 Excruciating Wounds      Necr           0%         N/A       100%        5
 Lee's Rapid Deconstruct  Erth           0%         3d5*      100%        5
 Lightning Bolt           Conj/Air       0%         1d11      100%        5
 Silence                  Hex/Air        0%         N/A       100%        5
 Summon Mana Viper        Hex/Summ       0%         N/A       100%        5
 Statue Form              Tmut/Erth      0%         N/A       100%        6
 Monstrous Menagerie      Summ           0%         N/A       100%        7
 Orb of Destruction       Conj           0%         9d5       100%        7
 Spellforged Servitor     Conj/Summ      0%         N/A       100%        7
 Summon Hydra             Summ           0%         N/A       100%        7
 Discord                  Hex            0%         N/A       100%        8
 Maxwell's Capacitive Co  Air            0%         ∞         100%        8


Dungeon Overview and Level Annotations

Branches:
Dungeon (12/15)            Temple (1/1) D:7            Lair (0/6) D:8
    Orc (0/2) D:9         Ossuary (visited)

Altars:
Ashenzari
Cheibriados
Dithmenos
Elyvilon
Fedhas
Gozag
Hepliaklqana
Kikubaaqudgha
Makhleb
Nemelex Xobeh
Okawaru
Qazlal
Ru
Sif Muna
Trog
Uskayaw
Vehumet
Wu Jian
Xom
Yredelemnul
Zin
The Shining One
Jiyva

Shops:
D:9 [

Annotations:
D:11 3 runed translucent doors, Bearnado's ghost, journeyman MiBe
D:12 1 runed translucent door


Innate Abilities, Weirdness & Mutations

Your life essence is reduced to manifest your ancestor. (-10% HP)
You are too large for most types of armour.
You have claws for hands.
Your natural rate of healing is unusually fast.
You are covered in fur. (AC +1)
You have tough skin. (AC +1)


Message History

The freezing wraith freezes Nindada!
Nindada resists.
The freezing wraith hits Nindada!
Nindada is destroyed!
Something hits you. Something burns you.
The green ugly thing gurgles horribly!
You hit something. Something hits you. Something burns you.
You hit something. You closely miss something. Something hits you!
Something burns you.
You puncture something!
Reactivating autopickup.
You feel a bit more experienced.
You completely miss the green ugly thing.
The green ugly thing headbutts you!
You are poisoned.
The green ugly thing poisons you!
You closely miss the green ugly thing.
You feel very sick.
The freezing wraith hits you but does no damage.
The freezing wraith completely misses you.
The green ugly thing headbutts you.
You bludgeon the green ugly thing!!
The green ugly thing is moderately wounded.
You feel very sick.
The freezing wraith completely misses you.
The freezing wraith hits you! The green ugly thing headbutts you.
You thump the freezing wraith!
The freezing wraith is moderately damaged.
You feel very sick. The freezing wraith hits you!
The freezing wraith freezes you! The freezing wraith hits you!
* * * LOW HITPOINT WARNING * * *
The green ugly thing headbutts you but does no damage.
You bludgeon the freezing wraith!!
The freezing wraith is severely damaged.
You feel very sick. The freezing wraith hits you.
* * * LOW HITPOINT WARNING * * *
The freezing wraith freezes you!!
You die...

.#........#......♣♣♣♣♣#####....#.
.##########.....^...#..........#.
....................'..........#.
....................#..........#)
#################...#..........#.
##..#############...#..........#.
#.##..♣.♣.♣..##.#...############.
#.##♣.......♣##W##...............
...##..P.P..##.#@#...............
#..##♣..♣..♣##.#u##..............
#...##.....##.#.#c#..............
..#.##♣...♣##.#.#.##............#
.....##...##.#.#.#.#............#
#....##♣.♣##.#.#.#.##...........#
#..#..##.##.#.#.#.#.#........####
...#..##.##.#)#)#.#.##.......#...
####.##.##.#########.#.......#...


You could see a green ugly thing, a centaur warrior and a freezing wraith.

Vanquished Creatures
  An ogre mage (D:12)
  2 boulder beetles
  3 two-headed ogres
  Pikel (D:6)
  2 ugly things (D:12)
  A gargoyle (D:12)
  2 kobold demonologists (D:12)
  3 trolls
  2 slime creatures (D:12)
  A human (D:11)
  A basilisk (D:11)
  A water elemental (D:12)
  Eustachio (D:6)
  14 yaks
  3 vampire mosquitoes (D:12)
  4 steam dragons
  An acid dragon (D:12)
  A water moccasin (D:7)
  A sky beast (D:6)
  3 ice beasts
  4 orc warriors
  The ghost of GloriousHammer the Chopper, an amateur HOMo of Beogh (D:3)
  3 black bears
  3 ogres (D:6)
  A centaur (D:6)
  2 lemures (D:5)
  A phantom (D:5)
  2 elf zombies (Ossuary)
  A bullfrog (D:8)
  3 scorpions
  A wyvern zombie (D:6)
  A wyvern skeleton (D:5)
  A water moccasin zombie (D:6)
  2 killer bees (D:8)
  4 wights (D:3)
  2 howler monkeys
  2 electric eels (D:12)
  4 centaur zombies
  2 human zombies (Ossuary)
  An orc priest (D:5)
  Crazy Yiuf (D:6)
  4 centaur skeletons
  3 hounds
  2 jellies (D:6)
  2 gnoll shamans
  4 iguanas
  7 orc wizards
  3 killer bee zombies
  A hound skeleton (D:4)
  2 mummies (Ossuary)
  8 gnolls
  9 adders
  A howler monkey skeleton (D:7)
  2 white imps
  An ufetubus (D:4)
  An adder zombie (Ossuary)
  An adder skeleton (D:4)
  4 worms
  4 dart slugs
  17 orcs
  8 ball pythons
  2 bats
  11 endoplasms
  5 goblins
  8 hobgoblins
  3 jackals (D:3)
  3 quokkas
  9 frilled lizards
  A goblin zombie (Ossuary)
  7 hobgoblin zombies (Ossuary)
  2 jackal zombies (Ossuary)
  7 kobolds
  11 kobold zombies (Ossuary)
  9 orc zombies (Ossuary)
  2 quokka zombies (D:7)
  5 rats
  2 rat zombies (Ossuary)
261 creatures vanquished.

Vanquished Creatures (collateral kills)
  Gastronok (D:8)
  A boulder beetle (D:12)
  A hydra (D:12)
  A centaur warrior (D:12)
  4 two-headed ogres
  An unseen horror (D:12)
  2 trolls (D:11)
  A wyvern (D:11)
  A human (D:11)
  5 yaks
  2 steam dragons
  2 vampire mosquitoes (D:12)
  3 orc warriors
  4 centaurs
  A bullfrog (D:8)
  2 killer bees (D:8)
  An electric eel (D:12)
  2 howler monkeys
  A gnoll shaman (D:7)
  2 orc priests
  2 orc wizards
  A shadow imp (D:7)
  9 orcs
50 creatures vanquished.

Vanquished Creatures (others)
  4 battlemagi
  7 plants
11 creatures vanquished.

Grand Total: 322 creatures vanquished

Notes
Turn   | Place    | Note
-------+----------+-------------------------------------------
     0 | D:1      | issech the Troll Monk began the quest for the Orb.
     0 | D:1      | Reached XP level 1. HP: 22/22 MP: 0/0
   103 | D:1      | Reached skill level 3 in Maces & Flails
   104 | D:1      | Reached XP level 2. HP: 29/29 MP: 1/1
   401 | D:1      | Found a faded altar of an unknown god.
   427 | D:1      | Got Plato's Handbook of Air
   533 | D:1      | Reached XP level 3. HP: 36/36 MP: 2/2
  1064 | D:2      | Identified the +6 dagger "Kimum" {vorpal, rF+}
  1191 | D:2      | Reached skill level 1 in Throwing
  1344 | D:2      | Reached XP level 4. HP: 32/44 MP: 3/3
  1527 | D:3      | Found a runed translucent gate.
  1528 | D:3      | Found a runed translucent gate.
  1528 | D:3      | Found a runed translucent gate.
  1529 | D:3      | Noticed GloriousHammer's ghost (amateur HOMo)
  1760 | D:3      | You fall into a shaft and drop 2 floors!
  1760 | D:5      | Entered Level 5 of the Dungeon
  2093 | D:5      | Noticed a phantom
  2120 | D:5      | Killed a phantom
  2121 | D:5      | Reached XP level 5. HP: 46/53 MP: 4/4
  2147 | D:5      | Reached skill level 1 in Short Blades
  2147 | D:5      | Reached skill level 4 in Maces & Flails
  2243 | D:4      | Reached XP level 6. HP: 56/61 MP: 5/5
  2733 | D:3      | Found an ancient bone altar of Kikubaaqudgha.
  2918 | D:3      | Noticed an ice beast
  2932 | D:3      | Killed an ice beast
  2933 | D:3      | Reached XP level 7. HP: 67/67 MP: 6/6
  3278 | D:3      | Killed GloriousHammer's ghost
  3659 | D:4      | Found a bloodstained altar of Trog.
  3682 | D:4      | Found a shimmering blue altar of Sif Muna.
  3688 | D:4      | Got Sif Muna's Tome of Scorching Orientation
  4076 | D:5      | Reached XP level 8. HP: 77/78 MP: 7/7
  4267 | D:5      | Reached skill level 5 in Maces & Flails
  4737 | D:6      | Noticed Eustachio
  4762 | D:6      | Killed Eustachio
  4811 | D:6      | Noticed Pikel
  4868 | D:6      | Killed Pikel
  4869 | D:6      | Reached skill level 6 in Maces & Flails
  4869 | D:6      | Reached XP level 9. HP: 57/85 MP: 8/8
  4912 | D:6      | Found a runed translucent door.
  4913 | D:6      | Noticed Crazy Yiuf
  4920 | D:6      | Killed Crazy Yiuf
  5075 | D:6      | HP: 4/85 [gnoll/+0 halberd (5)]
  5300 | D:6      | Found a sacrificial altar of Ru.
  5314 | D:6      | Found an opulent altar of Gozag.
  5349 | D:6      | Reached skill level 7 in Maces & Flails
  5656 | D:6      | Reached skill level 5 in Dodging
  5668 | D:6      | Reached skill level 5 in Fighting
  5922 | D:7      | Found a sand-covered staircase.
  5934 | D:7      | Reached skill level 8 in Maces & Flails
  5959 | Ossuary  | Entered an ossuary
  6687 | D:7      | Found a staircase to the Ecumenical Temple.
  6696 | Temple   | Entered the Ecumenical Temple
  6860 | Temple   | Became a worshipper of Hepliaklqana the Forgotten
  6860 | Temple   | Reached * piety under Hepliaklqana
  6860 | Temple   | Reached ** piety under Hepliaklqana
  6861 | Temple   | Remembered your ancestor Nindada as a battlemage
  6995 | D:7      | Reached XP level 10. HP: 83/86 MP: 9/9
  7061 | D:7      | Reached skill level 9 in Maces & Flails
  7245 | D:7      | Noticed a two-headed ogre
  7263 | D:7      | Killed a two-headed ogre
  7747 | D:8      | Found a staircase to the Lair.
  7893 | D:8      | Identified a scroll of acquirement
  7893 | D:8      | Acquired a manual of Fighting
  7942 | D:8      | Noticed Gastronok
  7950 | D:8      | Killed Gastronok
  7951 | D:8      | Reached skill level 10 in Maces & Flails
  8270 | D:8      | Noticed a two-headed ogre
  8275 | D:8      | Killed a two-headed ogre
  8748 | D:9      | Found a staircase to the Orcish Mines.
  8750 | D:9      | Found Lebrurie's Armour Emporium.
  8885 | D:9      | Reached XP level 11. HP: 96/96 MP: 10/10
  9174 | D:9      | Noticed a two-headed ogre
  9177 | D:9      | Killed a two-headed ogre
  9354 | D:10     | Entered Level 10 of the Dungeon
  9437 | D:10     | Reached *** piety under Hepliaklqana
  9460 | D:10     | Reached skill level 5 in Throwing
  9466 | D:10     | Reached skill level 11 in Maces & Flails
  9605 | D:10     | Noticed a two-headed ogre
  9608 | D:10     | Killed a two-headed ogre
  9654 | D:10     | Noticed a two-headed ogre
  9661 | D:10     | Killed a two-headed ogre
  9748 | D:10     | Found a broken altar of Ashenzari.
 10431 | D:11     | Found an iron altar of Okawaru.
 10476 | D:11     | Reached **** piety under Hepliaklqana
 10538 | D:11     | Noticed a boulder beetle
 10577 | D:11     | Killed a boulder beetle
 10870 | D:11     | Found a runed translucent gate.
 10871 | D:11     | Found a runed translucent gate.
 10872 | D:11     | Found a runed translucent gate.
 10878 | D:11     | Noticed Bearnado's ghost (journeyman MiBe)
 11309 | D:11     | Found a viscous altar of Jiyva.
 11407 | D:12     | Noticed a seven-headed hydra
 11412 | D:12     | Killed a seven-headed hydra
 11479 | D:12     | Reached XP level 12. HP: 100/109 MP: 11/11
 11494 | D:12     | Reached skill level 12 in Maces & Flails
 11575 | D:12     | Noticed a two-headed ogre
 11587 | D:12     | Killed a two-headed ogre
 11723 | D:12     | Found a runed translucent door.
 11724 | D:12     | Noticed a six-headed hydra
 11725 | D:12     | Noticed a seven-headed hydra
 11809 | D:12     | Noticed a boulder beetle
 11820 | D:12     | Killed a boulder beetle
 11869 | D:12     | Noticed a centaur warrior
 11899 | D:12     | Killed a centaur warrior
 11992 | D:12     | Noticed a boulder beetle
 11993 | D:12     | Noticed a centaur warrior
 11997 | D:12     | Noticed a centaur warrior
 12001 | D:12     | Noticed an ogre mage
 12282 | D:12     | Noticed a two-headed ogre
 12291 | D:12     | Killed a two-headed ogre
 12292 | D:12     | Reached skill level 10 in Fighting
 12464 | D:12     | Reached ***** piety under Hepliaklqana
 12878 | D:12     | Killed a boulder beetle
 12879 | D:12     | Reached skill level 13 in Maces & Flails
 12934 | D:12     | Identified the +0 rapier "Othri" {flame, rF+ rCorr}
 12948 | D:12     | Killed an ogre mage
 12953 | D:12     | Slain by a freezing wraith

Illustrated notes

Levels and vault maps discovered:
D:1:      dpeg_arrival_solitude, layout_rooms,
          shapermc_ecumenical_altar_rom_forum
D:2:      layout_loops_ring
D:3:      layout_loops_corners, old_standard_altar, ebering_ghost_rock_garden
D:4:      layout_loops_ring, nzn_overflow_gifts_of_might_and_magic
D:5:      layout_gridville
D:6:      minmay_bubble_buster, layout_cave_pools,
          amethyst_overflow_temple_binary, minmay_misc_feat_chi, uniq_eustachio,
          uniq_pikel, uniq_crazy_yiuf_cottage
D:7:      minmay_s_stair_smasher, layout_basic, lemuel_temple_firewalk_b,
          enter_ossuary_4
D:8:      layout_gridville, lair_entry_dummy, hangedman_glass_teeth,
          uniq_gastronok
D:9:      layout_roguey, orc_david_3
D:10:     layout_stronghold, mainiacjoe_overflow_small_starburst,
          minmay_misc_feat_tiny
D:11:     layout_irregular_city, gammafunk_ghost_ooze, okawaru_humans
D:12:     minmay_the_grid_triangle_9x9_rhombus_full
          [minmay_the_grid_triangle_9x9_zippers_vertical,
          minmay_the_grid_triangle_9x9_subtriangle,
          minmay_the_grid_triangle_9x9_skeleton,
          minmay_the_grid_triangle_9x9_swiss_cheese,
          minmay_the_grid_triangle_9x9_shrine,
          minmay_the_grid_triangle_9x9_stretched_checkered,
          minmay_the_grid_triangle_9x9_flanged_cone,
          minmay_the_grid_triangle_9x9_prize_insulated], layout_irregular_city,
          serial_bayou, serial_bayou_ford_a
Temple:   nicolae_temple_elliptical

Skill      XL: |  1  2  3  4  5  6  7  8  9 10 11 12 |
---------------+-------------------------------------+-----
Maces & Flails | 3 4 6 8 10 11 13 | 13.1
Throwing       | 1 2 3 4 5 |  5.8
Fighting       | 3 4 5 6 8 10 | 10.2
Short Blades   | 1 2 3 |  3.3
Dodging        | 3 4 5 6 7 |  7.9
Stealth        | 2 3 4 |  4.1

Action                   |  1- 3 |  4- 6 |  7- 9 | 10-12 || total
-------------------------+-------+-------+-------+-------++-------
Melee: Mace              |    88 |       |       |       ||    88
       Punch             |     2 |     3 |    10 |    13 ||    28
       Dagger            |    26 |   117 |    41 |       ||   184
       Morningstar       |       |       |   319 |   379 ||   698
Throw: Stone             |    96 |    49 |       |     6 ||   151
       Large rock        |       |       |    33 |    30 ||    63
       Throwing net      |       |       |     1 |       ||     1
Invok: Ancestor Life: Ba |       |       |     1 |       ||     1
  Use: Scroll            |       |       |     8 |     7 ||    15
       Potion            |       |       |       |     4 ||     4
 Stab: Sleeping          |     1 |     2 |     5 |     5 ||    13
       Distracted        |       |       |     1 |     7 ||     8
       Held in net/web   |       |       |     1 |       ||     1
Armor: Robe              |    36 |    34 |   169 |       ||   239
       Steam dragon scal |       |       |     6 |   128 ||   134
Dodge: Dodged            |    78 |    45 |   286 |   237 ||   646
       Repelled          |       |     1 |     3 |     4 ||     8
